 Dungeon Crawl Stone Soup version 0.26.0-3-g156281e41b (webtiles) character file.

Game seed: 2289990612364483434

76 Gauvater the Shield-Bearer (level 4, -1/37 HPs)
             Began as a Formicid Fighter on Jan 9, 2021.
             Killed by divine providence
             ... invoked by an orc priest
              (13 damage)
             ... on level 3 of the Dungeon.
             The game lasted 00:05:19 (2039 turns).

Gauvater the Shield-Bearer (Formicid Fighter)       Turns: 2039, Time: 00:05:25

Health: -1/37      AC:  7    Str: 22    XL:     4   Next: 57%
Magic:  4/4        EV:  8    Int:  7    God:
Gold:   171        SH:  9    Dex: 10    Spells: 3/3 levels left

rFire    . . .     SeeInvis +   a - +0 war axe
rCold    . . .     Faith    .   c - +0 kite shield
rNeg     . . .     Spirit   .   b - +0 scale mail
rPois    .         Reflect  .   (helmet unavailable)
rElec    .         Harm     .   (no cloak)
rCorr    .         Rampage  .   (no gloves)
Will     .....                  (no boots)
Stlth    ..........             (no amulet)
HPRegen  0.12/turn              (no ring)
MPRegen  0.09/turn              (no ring)

@: no status effects
A: permanent stasis, dig shafts and tunnels, four strong arms, antennae 3
a: Dig, Shaft Self


You were on level 3 of the Dungeon.
You visited 1 branch of the dungeon, and saw 3 of its levels.

You collected 171 gold pieces.

Inventory:

Hand Weapons
 a - a +0 war axe (weapon)
Missiles
 e - 14 poisoned darts (quivered)
 j - 11 bolts
 n - 35 arrows
Armour
 b - a +0 scale mail (worn)
 c - a +0 kite shield (worn)
Jewellery
 f - a cursed ring of willpower {unknown}
Scrolls
 g - a scroll of remove curse {unknown}
 h - 2 scrolls of magic mapping {unknown}
 l - a scroll of identify {unknown}
 m - 2 scrolls of fear {unknown}
 o - 2 scrolls of teleportation {unknown}
Potions
 d - a potion of might
 i - 2 potions of haste {unknown}
 k - 2 potions of attraction {unknown}
 p - a potion of curing {unknown}


   Skills:
 * Level 4.0 Fighting
 + Level 2.7 Axes
 + Level 3.9 Armour
 + Level 0.1 Dodging
 + Level 4.2 Shields


You had 3 spell levels left.
You didn't know any spells.
Your spell library was empty.

Dungeon Overview and Level Annotations

Branches:
Dungeon (3/15)

Altars:
Cheibriados


Innate Abilities, Weirdness & Mutations

You cannot be hasted, slowed, berserked, paralysed or teleported.
You can dig through walls and to a lower floor.
Your four strong arms can wield two-handed weapons with a shield.
You have a pair of large antennae on your head. (SInv)


Message History

You throw a poisoned dart. The poisoned dart hits the orc priest.
The orc priest is poisoned.
The orc priest looks encouraged for a moment.
Throw: 15 darts (poison)
Press: ? - help, Q - select action, (/) - cycle Shift-Dir - straight line, f/p - orc priest
Aim: an orc priest, wielding a +0 dagger and wearing a +0 leather armour (lightly wounded, poisoned)
You throw a poisoned dart.
The poisoned dart closely misses the orc priest.
The orc priest looks satisfied for a moment.
An orc priest comes into view. It is wielding a -3 flail.
The orc priest calls down the wrath of Beogh upon you.
Beogh smites you!
An orc comes into view. It is wielding a -2 hand axe.
An orc comes into view. It is wielding a +0 whip.
The orc shouts!
The orc priest mumbles some strange prayers to Beogh against you.
Beogh smites you!
The orc priest invokes the aid of Beogh against you.
Beogh smites you!
You die...

##############
####.....@oo(o.o.
##..).############
#.......#########
#.#.##..........#
).... #...†......#
###.. #..........#
.###.#
#.....(....# #
....# #..>.......#
##.# ...#
#..........# #...#


You could see 2 orc priests and 2 orcs.

Vanquished Creatures
  Terence (D:2)
  2 adders (D:3)
  An ooze (D:3)
  A worm (D:2)
  A giant cockroach (D:1)
  3 goblins
  2 hobgoblins
  3 kobolds
  A quokka (D:2)
  4 bats
  4 frilled lizards
  5 rats
28 creatures vanquished.

Notes
Turn   | Place    | Note
-------+----------+-------------------------------------------
     0 | D:1      | Gauvater the Formicid Fighter began the quest for the Orb.
     0 | D:1      | Reached XP level 1. HP: 18/18 MP: 1/1
   141 | D:1      | Reached XP level 2. HP: 24/24 MP: 2/2
   304 | D:1      | Found a snail-covered altar of Cheibriados.
  1103 | D:2      | Reached XP level 3. HP: 26/29 MP: 3/3
  1180 | D:2      | Noticed Terence
  1195 | D:2      | Killed Terence
  1324 | D:2      | Reached XP level 4. HP: 37/37 MP: 4/4
  1825 | D:3      | Noticed an ogre
  2039 | D:3      | Killed from afar by an orc priest

Illustrated notes

Levels and vault maps discovered:
D:1:      amcnicky_arrival_abandoned_market, layout_basic,
          minmay_misc_feat_diagonals, st_stairs_3, cheibriados_altar_1
D:2:      layout_loops_ring, chequers_arboretum, uniq_terence
D:3:      layout_rooms

Skill      XL: |  1  2  3  4 |
---------------+-------------+-----
Shields        | 4 |  4.2
Fighting       | 4 |  4.0
Axes           | |  2.7
Armour         | |  3.9
Dodging        | |  0.1

Action                   |  1- 3 |  4- 6 || total
-------------------------+-------+-------++-------
Melee: War axe           |    70 |    26 ||    96
Throw: Dart              |       |     7 ||     7
 Abil: Dig               |     1 |     1 ||     2
Armor: Scale mail        |    35 |    12 ||    47
Dodge: Dodged            |    19 |    14 ||    33
Block: Kite shield       |    27 |    22 ||    49
